[Event "Hastings International Chess Congress"]
[Site "?"]
[Date "2013.12.28"]
[Round "1.1"]
[White "Knott, Simon J B"]
[Black "Mchedlishvili, Mikheil"]
[Result "1/2-1/2"]
[ECO "A41"]
[WhiteElo "2317"]
[BlackElo "2649"]
[Annotator "Doe,John"]
[PlyCount "68"]
[EventDate "2013.??.??"]
[TimeControl "6600+955"]
[WhiteClock "0:17:29"]
[BlackClock "0:07:42"]

1. Nf3 d6 2. d4 Bg4 3. c4 Nd7 4. Nc3 e5 5. g3 Bxf3 6. exf3 exd4 7. Qxd4 Ngf6 8.
Bg2 Be7 9. O-O O-O 10. f4 c6 11. b3 Qb6 12. Qd3 Rfe8 13. Na4 Qc7 14. Bb2 Rad8
15. Rad1 Bf8 16. Qc2 a6 17. Nc3 Nc5 18. b4 Ncd7 19. Ne4 Nxe4 20. Bxe4 h6 21. a3
Be7 22. Bh7+ Kh8 23. Bf5 Bf6 24. Bxd7 Qxd7 25. Bxf6 gxf6 26. Rd4 Kg7 27. Rfd1
Re6 28. Kg2 b5 29. cxb5 axb5 30. Qf5 d5 31. Qg4+ Kh7 32. Qf5+ Kg7 33. Qh5 Rde8
34. f5 Rd8 1/2-1/2

[Event "Hastings Masters"]
[Site "?"]
[Date "2013.12.28"]
[Round "1.2"]
[White "Foisor, Cristina-Adela"]
[Black "Wadsworth, Matthew J"]
[Result "1-0"]
[ECO "A06"]
[WhiteElo "2355"]
[BlackElo "2188"]
[Annotator "Doe,John"]
[PlyCount "67"]
[EventDate "2013.??.??"]
[TimeControl "6600+905"]
[WhiteClock "0:46:57"]
[BlackClock "0:03:21"]

1. Nf3 d5 2. g3 Nf6 3. Bg2 c6 4. d3 Bf5 5. Nfd2 h6 6. e4 Bh7 7. Nc3 e6 8. O-O
Be7 9. h3 O-O 10. Qe2 d4 11. Nd1 e5 12. f4 Nfd7 13. f5 c5 14. Nf2 Nc6 15. h4 b5
16. Nf3 Rc8 17. Bh3 c4 18. Bd2 a5 19. Kh2 cxd3 20. cxd3 b4 21. Rg1 Kh8 22. Rac1
Rg8 23. g4 g5 24. fxg6 Rxg6 25. g5 hxg5 26. hxg5 Rg7 27. Ng4 Rc7 28. Qf2 f6 29.
gxf6 Nxf6 30. Nh6 Bf8 31. Ng5 Qe7 32. Ne6 Rxg1 33. Rxg1 Ra7 34. Bg5 1-0

[Event "Hastings Masters"]
[Site "?"]
[Date "2013.12.28"]
[Round "1.3"]
[White "Atkins, Rita"]
[Black "Cafferty, Bernard"]
[Result "1/2-1/2"]
[ECO "A40"]
[WhiteElo "2176"]
[BlackElo "2081"]
[Annotator "Doe,John"]
[PlyCount "30"]
[EventDate "2013.??.??"]
[TimeControl "6600+530"]
[WhiteClock "1:06:56"]
[BlackClock "1:03:17"]

1. d4 e6 2. Bf4 d5 3. e3 c5 4. c3 Nc6 5. Nd2 Qb6 6. Qb3 Be7 7. Ngf3 Nf6 8. h3
O-O 9. Be2 Bd7 10. O-O Rfc8 11. Rad1 Be8 12. Ne5 cxd4 13. exd4 Qxb3 14. axb3
Nxe5 15. dxe5 Nd7 1/2-1/2

[Event "Hastings Masters"]
[Site "?"]
[Date "2013.12.28"]
[Round "1.8"]
[White "Burnett, Jim"]
[Black "Halfhide, Sebastian"]
[Result "0-1"]
[ECO "D63"]
[WhiteElo "2138"]
[BlackElo "1916"]
[Annotator "Doe,John"]
[PlyCount "76"]
[EventDate "2013.??.??"]
[TimeControl "6600+955"]
[WhiteClock "0:02:22"]
[BlackClock "0:28:37"]

1. d4 d5 2. c4 e6 3. Nc3 Nf6 4. Bg5 Be7 5. e3 O-O 6. Nf3 Nbd7 7. Rc1 a6 8. cxd5
exd5 9. Bd3 Re8 10. O-O h6 11. Bh4 c6 12. h3 Ne4 13. Bxe7 Qxe7 14. Bxe4 dxe4
15. Nd2 Nf6 16. Qc2 Bd7 17. Rfe1 Rad8 18. Na4 Nd5 19. Nc5 Bf5 20. Qb3 Rd6 21.
Qxb7 Qg5 22. g3 Rg6 23. Qxa6 h5 24. Kh2 h4 25. g4 Nf6 26. Rg1 Bxg4 27. Nd7 Qf5
28. Nxf6+ Qxf6 29. hxg4 Qxf2+ 30. Rg2 Qxe3 31. Qe2 Qxd4 32. Rc4 Qd6+ 33. Kh3 f5
34. gxf5 Rg3+ 35. Kh2 Re3+ 36. Kh1 Rxe2 37. Rxe2 e3 38. Nf3 Qd1+ 0-1

[Event "Hastings Masters"]
[Site "?"]
[Date "2013.12.28"]
[Round "1.12"]
[White "Brown, Thomas"]
[Black "Staniforth, Matthew"]
[Result "1-0"]
[ECO "D49"]
[WhiteElo "2088"]
[BlackElo "1899"]
[Annotator "Doe,John"]
[PlyCount "47"]
[EventDate "2013.??.??"]
[TimeControl "6600+1575"]
[WhiteClock "0:36:29"]
[BlackClock "0:08:55"]

1. c4 Nf6 2. Nc3 c6 3. d4 d5 4. Nf3 e6 5. e3 Nbd7 6. Bd3 dxc4 7. Bxc4 b5 8. Bd3
a6 9. e4 c5 10. e5 cxd4 11. Nxb5 Nxe5 12. Nxe5 axb5 13. Bxb5+ Bd7 14. Nxd7 Qa5+
15. Bd2 Qxb5 16. Nxf8 Rxf8 17. Qe2 d3 18. Qf3 Qe5+ 19. Qe3 Qxb2 20. O-O Rxa2
21. Bc3 Qe2 22. Qc5 Nd5 23. Rab1 Ra8 24. Qc6+ 1-0

[Event "Hastings Masters"]
[Site "?"]
[Date "2013.12.28"]
[Round "1.13"]
[White "Obsieger, Hendrik"]
[Black "Lenier, Jude A"]
[Result "0-1"]
[ECO "E97"]
[WhiteElo "1873"]
[BlackElo "2082"]
[Annotator "Doe,John"]
[PlyCount "54"]
[EventDate "2013.??.??"]
[TimeControl "6600+1250"]
[WhiteClock "0:10:21"]
[BlackClock "0:15:54"]

1. d4 Nf6 2. c4 g6 3. Nc3 Bg7 4. e4 d6 5. Nf3 O-O 6. Be2 e5 7. O-O Nc6 8. d5
Ne7 9. b4 Nh5 10. g3 f5 11. Ng5 Nf6 12. f3 f4 13. b5 fxg3 14. hxg3 Nh5 15. Kg2
h6 16. Ne6 Bxe6 17. dxe6 Rf6 18. f4 exf4 19. Bxh5 gxh5 20. Bb2 Ng6 21. Qxh5
fxg3 22. Nd5 Rxe6 23. Bxg7 Kxg7 24. Qg4 Re5 25. Rf5 Qh4 26. Qxg3 Qxe4+ 27. Rf3
Rg5 0-1

[Event "Hastings Masters"]
[Site "?"]
[Date "2013.12.28"]
[Round "1.1"]
[White "Ledger, Dave J"]
[Black "Gormally, Daniel W"]
[Result "0-1"]
[ECO "B80"]
[WhiteElo "2246"]
[BlackElo "2500"]
[Annotator "Doe,John"]
[PlyCount "78"]
[EventDate "2013.??.??"]
[TimeControl "6600+875"]
[WhiteClock "0:07:22"]
[BlackClock "0:14:27"]

1. e4 c5 2. Nf3 d6 3. d4 cxd4 4. Nxd4 Nf6 5. Nc3 a6 6. Be3 e6 7. f3 b5 8. Qd2
b4 9. Nce2 e5 10. Nb3 Nc6 11. c4 Be6 12. Rc1 h5 13. Qd3 Be7 14. Na1 Nd7 15. Nc2
Nc5 16. Bxc5 dxc5 17. Qxd8+ Rxd8 18. b3 a5 19. Rd1 Bg5 20. Nc1 Rxd1+ 21. Kxd1
Ke7 22. Nd3 Rd8 23. Ke1 a4 24. Be2 axb3 25. axb3 Ra8 26. Bd1 Kd6 27. Rf1 Na5
28. g3 Nxb3 29. f4 exf4 30. e5+ Ke7 31. gxf4 Bxc4 32. Be2 Bh4+ 33. Kd1 Bxd3 34.
Bxd3 c4 35. Be4 Ra2 36. Rf3 Nc5 37. Bd5 b3 38. Nd4 Ra1+ 39. Ke2 b2 0-1

[Event "Hastings Masters"]
[Site "?"]
[Date "2013.12.28"]
[Round "1.8"]
[White "Sarkar, Justin"]
[Black "Kewes, Gerd"]
[Result "1-0"]
[ECO "A61"]
[WhiteElo "2425"]
[BlackElo "2200"]
[Annotator "Doe,John"]
[PlyCount "65"]
[EventDate "2013.??.??"]
[TimeControl "6600+1130"]
[WhiteClock "0:18:57"]
[BlackClock "0:08:03"]

1. d4 Nf6 2. c4 c5 3. d5 e6 4. Nc3 exd5 5. cxd5 d6 6. Nf3 g6 7. Bf4 a6 8. a4
Bg7 9. h3 O-O 10. e3 Qe7 11. Be2 Nbd7 12. O-O Ne8 13. Nd2 f5 14. Nc4 g5 15. Bh2
Ndf6 16. Rb1 Rb8 17. a5 Nd7 18. Na4 Ne5 19. Bxe5 Bxe5 20. Nxe5 Qxe5 21. b4 cxb4
22. Rxb4 b5 23. axb6 Bb7 24. Qd4 Qe7 25. Rc1 Nf6 26. Rc7 Qe8 27. Nc3 Qg6 28.
Ra4 h5 29. Bxa6 Bxa6 30. Rxa6 g4 31. Ne2 gxh3 32. Nf4 Qg4 33. Raa7 1-0

[Event "Hastings International Chess Congress"]
[Site "?"]
[Date "2013.12.28"]
[Round "1.2"]
[White "Khenkin, Igor"]
[Black "Mu, Ke"]
[Result "1/2-1/2"]
[ECO "D85"]
[WhiteElo "2598"]
[BlackElo "2302"]
[PlyCount "94"]
[EventDate "2013.??.??"]
[TimeControl "6600+1595"]
[WhiteClock "0:19:34"]
[BlackClock "0:32:25"]

1. d4 Nf6 2. c4 g6 3. Nc3 d5 4. cxd5 Nxd5 5. e4 Nxc3 6. bxc3 Bg7 7. Be3 c5 8.
Nf3 Qa5 9. Qd2 Nc6 10. Rb1 a6 11. Rc1 cxd4 12. cxd4 Qxd2+ 13. Kxd2 f5 14. e5
Be6 15. Bc4 Bxc4 16. Rxc4 O-O 17. Ke2 e6 18. Rb1 Rf7 19. Rb6 h6 20. h4 Rd7 21.
g3 Kf7 22. Ne1 Bf8 23. Nd3 g5 24. hxg5 hxg5 25. d5 exd5 26. Rcxc6 bxc6 27. Rxc6
Re8 28. Rf6+ Kg7 29. Bxg5 Be7 30. Bh6+ Kh7 31. Rxa6 Rc8 32. Bd2 Rc4 33. f3 Rb7
34. a4 Rc2 35. a5 Ra2 36. Rc6 Bb4 37. Nxb4 Rxb4 38. Kd3 Rb3+ 39. Bc3 Rxa5 40.
e6 Kg6 41. Rc8 Rxc3+ 42. Kxc3 Kf6 43. Kd4 Ra3 44. Rc3 Rxc3 45. Kxc3 Kxe6 46.
Kd4 Kd6 47. g4 fxg4 1/2-1/2

[Event "Hastings International Chess Congress"]
[Site "?"]
[Date "2013.12.28"]
[Round "1.3"]
[White "Strugnell, Carl"]
[Black "Ma, Qun"]
[Result "0-1"]
[ECO "B01"]
[WhiteElo "2291"]
[BlackElo "2595"]
[PlyCount "84"]
[EventDate "2013.??.??"]
[TimeControl "6000+810"]
[WhiteClock "0:44:05"]
[BlackClock "0:55:56"]

1. e4 d5 2. exd5 Qxd5 3. Nc3 Qa5 4. d4 Nf6 5. Bd2 c6 6. Bc4 Bg4 7. f3 Bf5 8.
Nge2 Qb6 9. Bb3 h6 10. Na4 Qd8 11. c4 Nbd7 12. Ng3 Bh7 13. Qe2 e6 14. d5 e5 15.
dxc6 bxc6 16. Bc3 Qb8 17. Bc2 Bxc2 18. Qxc2 Bb4 19. O-O-O O-O 20. Rhe1 Re8 21.
Kb1 Bf8 22. Ne4 Nxe4 23. Qxe4 Qc7 24. Re2 Re6 25. Red2 Nf6 26. Qc2 e4 27. Bxf6
Rxf6 28. Qxe4 Qxh2 29. Nc3 Re6 30. Qc2 Rae8 31. Ne4 Qf4 32. Rd4 Qe5 33. Qa4 f5
34. Nc3 Be7 35. Nd5 Bc5 36. R4d3 cxd5 37. Rxd5 Qc7 38. Qb5 Bf8 39. Rxf5 Re5 40.
Rd5 Re1+ 41. Kc2 Rb8 42. Qa4 Re2+ 0-1

[Event "Hastings International Chess Congress"]
[Site "?"]
[Date "2013.12.28"]
[Round "1.4"]
[White "Tomczak, Jacek"]
[Black "Prosviriakov, Vladimir"]
[Result "1/2-1/2"]
[ECO "C41"]
[WhiteElo "2569"]
[BlackElo "2282"]
[PlyCount "126"]
[EventDate "2013.??.??"]
[TimeControl "6600+985"]
[WhiteClock "0:07:56"]
[BlackClock "0:17:13"]

1. e4 d6 2. d4 Nf6 3. Nc3 e5 4. Nf3 Nbd7 5. Bc4 Be7 6. O-O O-O 7. Re1 c6 8. a4
a5 9. b3 exd4 10. Nxd4 Nb6 11. Bd3 Re8 12. Bb2 Bf8 13. Bf1 d5 14. Qf3 dxe4 15.
Nxe4 Nxe4 16. Rxe4 Rxe4 17. Qxe4 Qd5 18. Qh4 Bd7 19. Bd3 h6 20. Rd1 Re8 21. Nf3
Bf5 22. c4 Qd7 23. Ne5 Qe6 24. Bxf5 Qxf5 25. Qd4 Qc2 26. Rc1 Qxb3 27. h3 Nxa4
28. Ba1 Qa3 29. Qf4 Qe7 30. Rd1 Nc5 31. Bc3 Qe6 32. Ng4 f5 33. Ne3 Ne4 34. Bxa5
Bc5 35. Rd8 Rxd8 36. Bxd8 Bxe3 37. Qxe3 Qxc4 38. Bb6 Qd5 39. f3 Nf6 40. Bd4 Kf7
41. Bb2 c5 42. Qf4 c4 43. Qc7+ Kg6 44. Qg3+ Kh7 45. Qc7 Qc6 46. Qe5 Kg6 47.
Qg3+ Kf7 48. Qe5 Qd7 49. h4 b5 50. Bc3 Qe7 51. Qf4 Qc5+ 52. Bd4 Qd5 53. Bc3 Qd3
54. Bd4 b4 55. Qc7+ Kg6 56. Qg3+ Kh7 57. Bxf6 gxf6 58. Qc7+ Kg6 59. h5+ Kxh5
60. Qg7 Qe3+ 61. Kh2 Qf4+ 62. g3 Qxf3 63. Qf7+ Kg5 1/2-1/2

[Event "Hastings International Chess Congress"]
[Site "?"]
[Date "2013.12.28"]
[Round "1.7"]
[White "Harvey, Marcus R"]
[Black "Gordon, Stephen J"]
[Result "0-1"]
[ECO "A06"]
[WhiteElo "2269"]
[BlackElo "2519"]
[PlyCount "102"]
[EventDate "2013.??.??"]
[TimeControl "6600+835"]
[WhiteClock "1:29:45"]
[BlackClock "0:17:01"]

1. g3 d5 2. Nf3 c6 3. Bg2 Bf5 4. b3 Nf6 5. Bb2 e6 6. O-O h6 7. d4 Be7 8. Nbd2
O-O 9. Ne5 a5 10. Re1 a4 11. e4 a3 12. Bc3 Bh7 13. Qe2 Na6 14. Rac1 Qb6 15. Ba1
Rad8 16. Nd3 Rfe8 17. c4 Bb4 18. e5 Nd7 19. Red1 Ba5 20. Nb1 Nb4 21. Nxb4 Bxb4
22. c5 Qa5 23. Bc3 Bxb1 24. Bxb4 Qxb4 25. Rxb1 b6 26. cxb6 Rb8 27. Rbc1 Rxb6
28. Qd2 Rc8 29. Qxb4 Rxb4 30. Rc3 Kf8 31. f4 Ke7 32. Kf2 c5 33. dxc5 Rxc5 34.
Rdc1 Rxc3 35. Rxc3 g5 36. Kf3 Rd4 37. Rc2 Rd1 38. Ke2 Rb1 39. Kd3 f6 40. exf6+
Nxf6 41. Re2 gxf4 42. gxf4 Nh5 43. Ke3 Kd6 44. Bf3 Ng7 45. Bg4 Ne8 46. Kd3 Nc7
47. Rf2 Na6 48. Re2 Nb4+ 49. Kc3 Kc5 50. Bxe6 Rd1 51. Bxd5 Rd3# 0-1

[Event "Hastings Masters"]
[Site "?"]
[Date "2013.12.28"]
[Round "1.3"]
[White "Snape, Ian L"]
[Black "Flear, Glenn C"]
[Result "0-1"]
[ECO "C54"]
[WhiteElo "2229"]
[BlackElo "2471"]
[PlyCount "104"]
[EventDate "2013.??.??"]
[TimeControl "6000+1350"]
[WhiteClock "0:14:28"]
[BlackClock "0:49:46"]

1. e4 e5 2. Nf3 Nc6 3. d4 exd4 4. Bc4 Bc5 5. c3 Nf6 6. cxd4 Bb4+ 7. Nc3 Nxe4 8.
O-O Bxc3 9. d5 Ne5 10. bxc3 Nxc4 11. Qd4 O-O 12. Qxe4 Nd6 13. Qd3 Qf6 14. Re1
h6 15. Ba3 b6 16. Ne5 Re8 17. Ng4 Rxe1+ 18. Rxe1 Qf5 19. Qg3 Kh7 20. Bxd6 cxd6
21. Ne3 Qe5 22. Qxe5 dxe5 23. Nf5 Bb7 24. c4 Rc8 25. Nd6 Rc7 26. Rxe5 Ba6 27.
Re1 Rc5 28. g3 Bxc4 29. Nxc4 Rxc4 30. Re7 Kg6 31. Rxd7 Ra4 32. Rc7 Rxa2 33. d6
Kf6 34. d7 Ke7 35. d8=Q+ Kxd8 36. Rxf7 g5 37. g4 b5 38. Rb7 Ra5 39. Kf1 Kc8 40.
Rh7 b4 41. Rh8+ Kc7 42. Rh7+ Kc6 43. Rxh6+ Kc5 44. Ke1 Ra2 45. Kd1 Rxf2 46. Ra6
b3 47. Kc1 Ra2 48. Rg6 Rxh2 49. Rxg5+ Kb4 50. Rg6 a5 51. g5 Rg2 52. Rb6+ Ka3
0-1

[Event "Hastings Masters"]
[Site "?"]
[Date "2013.12.28"]
[Round "1.4"]
[White "Vakhidov, Jahongir"]
[Black "Radovanovic, Jovica"]
[Result "1-0"]
[ECO "E63"]
[WhiteElo "2452"]
[BlackElo "2339"]
[PlyCount "97"]
[EventDate "2013.??.??"]
[TimeControl "6600+1545"]
[WhiteClock "0:52:54"]
[BlackClock "0:26:17"]

1. d4 Nf6 2. c4 g6 3. g3 Bg7 4. Bg2 O-O 5. Nc3 d6 6. Nf3 Nc6 7. O-O a6 8. h3
Bd7 9. b3 e5 10. dxe5 dxe5 11. Bg5 h6 12. Bxf6 Bxf6 13. Nd2 Bg7 14. Nde4 b6 15.
Qd2 f5 16. Rad1 Be8 17. Qc1 Qc8 18. Nd2 Kh8 19. Nd5 Rf7 20. Rfe1 Qe6 21. b4 Rd8
22. Nb3 e4 23. a4 Rfd7 24. f3 g5 25. Kh2 Bg6 26. f4 Nxb4 27. Nxb4 Rxd1 28. Rxd1
Rxd1 29. Qxd1 Qxc4 30. Qd8+ Kh7 31. Nd5 Qxb3 32. Qd7 Qb2 33. Nxc7 gxf4 34. gxf4
b5 35. Ne6 Qf6 36. axb5 axb5 37. Nxg7 Qxg7 38. Qxb5 h5 39. e3 Qf7 40. Bf1 Qa2+
41. Kg3 Kh6 42. Be2 Qd2 43. Kf2 Qc1 44. Qe5 Qc8 45. Qf6 Kh7 46. Qe7+ Kh8 47.
Qg5 Qe8 48. Qh6+ Bh7 49. Qf6+ 1-0

[Event "Hastings Masters"]
[Site "?"]
[Date "2013.12.28"]
[Round "1.9"]
[White "McPhillips, Joseph"]
[Black "Foisor, Ovidiu-Doru"]
[Result "0-1"]
[ECO "B28"]
[WhiteElo "2199"]
[BlackElo "2397"]
[PlyCount "68"]
[EventDate "2013.??.??"]
[TimeControl "6600+1180"]
[WhiteClock "0:01:11"]
[BlackClock "0:02:42"]

1. e4 c5 2. Nf3 a6 3. c4 Nc6 4. d4 cxd4 5. Nxd4 e5 6. Nc2 Bc5 7. Bd3 Nge7 8.
O-O d6 9. Nc3 O-O 10. Rb1 Be6 11. b4 Ba7 12. Nd5 Nd4 13. Be3 Nec6 14. b5 axb5
15. cxb5 Bxd5 16. exd5 Ne7 17. Bxd4 exd4 18. Qg4 Bc5 19. Nxd4 Ra4 20. Qh3 g6
21. Nb3 Nxd5 22. Rbd1 Qg5 23. Nxc5 dxc5 24. Rfe1 Ra3 25. Qg3 Qf6 26. Qe5 Qxe5
27. Rxe5 Nc3 28. Ra1 b6 29. Bc4 Ra4 30. Bf1 Rd8 31. a3 c4 32. Rc1 Rxa3 33. Bxc4
Rc8 34. Ree1 Rxc4 0-1

[Event "Hastings Masters"]
[Site "?"]
[Date "2013.12.28"]
[Round "1.10"]
[White "Milliet, Sophie"]
[Black "Eames, Robert S"]
[Result "1-0"]
[ECO "B52"]
[WhiteElo "2387"]
[BlackElo "2195"]
[PlyCount "93"]
[EventDate "2013.??.??"]
[TimeControl "6600+1455"]
[WhiteClock "0:31:56"]
[BlackClock "0:46:51"]

1. e4 c5 2. Nf3 d6 3. Bb5+ Bd7 4. c4 Nf6 5. Nc3 g6 6. O-O Bg7 7. d4 cxd4 8.
Nxd4 O-O 9. Bxd7 Qxd7 10. b3 Nc6 11. Bb2 a6 12. Nxc6 bxc6 13. Na4 Qe6 14. Re1
Rad8 15. Qc2 Qg4 16. f3 Qg5 17. Rad1 Nd7 18. Bxg7 Kxg7 19. Qf2 Qa5 20. Qd2 Qc7
21. f4 Kg8 22. Qe3 e5 23. f5 Nf6 24. Rf1 d5 25. exd5 cxd5 26. fxg6 fxg6 27.
cxd5 Rxd5 28. Rxd5 Nxd5 29. Rxf8+ Kxf8 30. Qc5+ Qxc5+ 31. Nxc5 Ke7 32. Nxa6 Kd6
33. Kf2 e4 34. a3 Ke5 35. Nb4 Nf4 36. Nc2 Nd3+ 37. Ke3 Nc5 38. Nd4 Kd5 39. Nb5
Nxb3 40. Nc3+ Ke5 41. Nxe4 Nd4 42. Kd3 h5 43. a4 Nc6 44. Ke3 Na5 45. Nd2 g5 46.
Kd3 Kd5 47. Ne4 1-0

[Event "Hastings Masters"]
[Site "?"]
[Date "2013.12.28"]
[Round "1.10"]
[White "Jaunooby, Ali R"]
[Black "Othman, Mustapha"]
[Result "1-0"]
[ECO "D71"]
[WhiteElo "2124"]
[BlackElo "1914"]
[PlyCount "123"]
[EventDate "2013.??.??"]
[TimeControl "6600+1520"]
[WhiteClock "1:07:04"]
[BlackClock "0:11:39"]

1. d4 Nf6 2. c4 g6 3. g3 Bg7 4. Bg2 d5 5. cxd5 Nxd5 6. Nc3 c6 7. e4 Nxc3 8.
bxc3 c5 9. Ne2 Nc6 10. Be3 cxd4 11. cxd4 Qa5+ 12. Qd2 Qxd2+ 13. Kxd2 O-O 14.
Rab1 Rd8 15. d5 e6 16. Rhd1 exd5 17. exd5 b6 18. Ke1 Na5 19. Bg5 f6 20. Bf4 Ba6
21. Nd4 Re8+ 22. Ne6 Rac8 23. Rbc1 Nc4 24. Bf1 Bf8 25. Be2 Bb4+ 26. Kf1 g5 27.
Nc7 Rxc7 28. Bxc7 Nd2+ 29. Rxd2 Bxd2 30. Bxa6 Bxc1 31. d6 Bb2 32. d7 Rf8 33.
d8=Q Rxd8 34. Bxd8 Be5 35. Be7 Kf7 36. Bb4 h5 37. Bd2 h4 38. f4 Bd6 39. fxg5
hxg3 40. h4 fxg5 41. Bxg5 Kg6 42. Kg2 Be5 43. Bd3+ Kh5 44. Kf3 Bd6 45. Bb5 Kg6
46. Be8+ Kg7 47. h5 Be5 48. h6+ Kh7 49. Bc6 Kg6 50. Kg4 Kf7 51. Kf5 Bh8 52.
Bd5+ Kf8 53. Bf6 g2 54. Bxg2 Kg8 55. Bg5 Kh7 56. Be4 Bc3 57. Be3 a5 58. Kg5+
Kh8 59. Bxb6 a4 60. Kg6 a3 61. Bd5 Bf6 62. Bc5 1-0

[Event "Hastings Masters"]
[Site "?"]
[Date "2013.12.28"]
[Round "1.11"]
[White "Young, Mel J"]
[Black "Harari, Zaki"]
[Result "0-1"]
[ECO "C11"]
[WhiteElo "1902"]
[BlackElo "2118"]
[PlyCount "106"]
[EventDate "2013.??.??"]
[TimeControl "6600+695"]
[WhiteClock "0:21:24"]
[BlackClock "0:20:02"]

1. e4 e6 2. Nf3 d5 3. Nc3 Nf6 4. e5 Nfd7 5. d4 c5 6. dxc5 Bxc5 7. Bd3 Nc6 8.
Bf4 a6 9. O-O b5 10. Qe2 Be7 11. Rad1 Nc5 12. a3 Bd7 13. b4 Nxd3 14. Qxd3 Rc8
15. Bg3 O-O 16. Nd2 Qb6 17. Ne2 Rfd8 18. Kh1 a5 19. c3 d4 20. bxa5 Qxa5 21. Nb3
Qxa3 22. cxd4 Nb4 23. Qe3 Nd5 24. Qd3 b4 25. Ra1 Rc3 26. Nxc3 Qxb3 27. Qb1 Qxc3
28. Rc1 Qxd4 29. Rd1 Qb6 30. Qb3 h6 31. f4 Qc6 32. Rac1 Qa4 33. Rd3 Qxb3 34.
Rxb3 Ba4 35. Rb2 Kh7 36. h3 Kg6 37. Ra1 Bc6 38. Ra6 Bb5 39. Ra5 Bd3 40. Bf2
Nxf4 41. Ra7 Re8 42. Kh2 Bc4 43. Bd4 Nd5 44. Rf2 h5 45. g3 Rc8 46. Rc2 b3 47.
Rc1 Bg5 48. Rb1 Nb4 49. Rb7 Nc2 50. Bb2 Rd8 51. Bc3 Rd3 52. Ba5 Bd5 53. Rb8 Rf3
0-1

[Event "Hastings Masters"]
[Site "?"]
[Date "2013.12.28"]
[Round "1.6"]
[White "Cherniaev, Alexander"]
[Black "Foisor, Mihaela-Veronica"]
[Result "1/2-1/2"]
[ECO "D02"]
[WhiteElo "2434"]
[BlackElo "2216"]
[PlyCount "147"]
[EventDate "2013.??.??"]
[TimeControl "6600+680"]
[WhiteClock "0:59:30"]
[BlackClock "0:02:10"]

1. d4 d5 2. Nf3 Nf6 3. g3 e6 4. Bg2 c5 5. O-O Nc6 6. c4 dxc4 7. Ne5 Bd7 8. Na3
cxd4 9. Naxc4 Be7 10. b3 Rc8 11. Bb2 b5 12. Nxc6 Bxc6 13. Bxc6+ Rxc6 14. Ne5
Rc7 15. Qxd4 Qxd4 16. Bxd4 O-O 17. Rfc1 Rfc8 18. Rxc7 Rxc7 19. a4 b4 20. a5 Nd7
21. Nd3 a6 22. Rd1 f6 23. f4 Kf7 24. Kf2 Nc5 25. Bxc5 Bxc5+ 26. Kf3 Be7 27. Nb2
Rc3+ 28. Rd3 Bd8 29. Ke3 Bxa5 30. Na4 Rc6 31. Rd7+ Kg6 32. Rb7 h5 33. Kf3 Kh6
34. h3 g5 35. Rb8 Kg6 36. e3 gxf4 37. gxf4 Kf7 38. Nb2 Bb6 39. Nc4 Bc5 40. Na5
Rc7 41. Nc4 Rc6 42. Rb7+ Kg6 43. Rd7 Bf8 44. Rb7 Bc5 45. Ke2 Rc8 46. Rd7 Bf8
47. Kf3 Rc6 48. e4 Rc8 49. h4 a5 50. Ra7 Rd8 51. Rxa5 Rd3+ 52. Ne3 Rxb3 53. f5+
Kf7 54. fxe6+ Kxe6 55. Rxh5 Rc3 56. Ke2 Bc5 57. Nd5 Rc2+ 58. Kd3 b3 59. Rh7 Rh2
60. Rb7 b2 61. Nc3 Bd6 62. h5 Be5 63. Na4 Kd6 64. h6 Rh3+ 65. Kc4 Rh2 66. Kd3
Rxh6 67. Nxb2 Rh3+ 68. Kc4 Re3 69. Rb6+ Kc7 70. Rb3 Rxe4+ 71. Kd5 Rd4+ 72. Ke6
Rd6+ 73. Kf5 Bxb2 74. Ke4 1/2-1/2

[Event "Hastings Masters"]
[Site "?"]
[Date "2013.12.28"]
[Round "1.7"]
[White "Schuster, Martin"]
[Black "Wegerle, Joerg"]
[Result "1-0"]
[ECO "B42"]
[WhiteElo "2209"]
[BlackElo "2431"]
[PlyCount "131"]
[EventDate "2013.??.??"]
[TimeControl "6600+1620"]
[WhiteClock "0:11:26"]
[BlackClock "0:08:29"]

1. e4 c5 2. Nf3 e6 3. d4 cxd4 4. Nxd4 a6 5. Bd3 Nf6 6. O-O Qc7 7. Qe2 d6 8. c4
Nbd7 9. Nc3 g6 10. Be3 Bg7 11. Rac1 O-O 12. b3 Ne5 13. f3 b6 14. Rfd1 Bb7 15.
Qf2 Rab8 16. Be2 Ba8 17. h3 Qe7 18. Nc2 Nfd7 19. Nd4 Rfc8 20. f4 Nc6 21. Bf3
Nxd4 22. Bxd4 e5 23. fxe5 Bxe5 24. Bg4 Re8 25. Bxd7 Bxd4 26. Qxd4 Qxd7 27. Qxd6
Qxd6 28. Rxd6 Bxe4 29. Re1 f5 30. Nxe4 fxe4 31. Rd4 e3 32. Rd3 b5 33. cxb5 axb5
34. Rexe3 Rxe3 35. Rxe3 Ra8 36. Re5 Rxa2 37. Rxb5 Kg7 38. Rb7+ Kh6 39. Kh2 g5
40. Kg3 Kg6 41. Kf3 h5 42. Rb6+ Kf7 43. g4 h4 44. Ke4 Rh2 45. Kf5 Rxh3 46. Rb7+
Ke8 47. Kxg5 Rh1 48. Kg6 h3 49. Rb8+ Ke7 50. Rh8 Ke6 51. g5 Ke5 52. Rh4 Rh2 53.
b4 Rh1 54. b5 h2 55. b6 Rb1 56. Rxh2 Rxb6+ 57. Kh5 Ke6 58. Rf2 Ke7 59. g6 Rb1
60. Kh6 Rh1+ 61. Kg7 Rg1 62. Re2+ Kd7 63. Kf7 Rf1+ 64. Kg8 Rg1 65. g7 Rh1 66.
Re4 1-0